Map: Triton LE

Players

littlebuddy - Winner!

  • Race: Protoss Protoss
  • League: Gold
  • Spawn Location: 11:00

xSaintApocx

  • Race: Terran Terran
  • League: Silver
  • Spawn Location: 5:00

VOD

Have the link to the VOD?

Description

Time

  • Played on: Nov. 27, 2019, 1:12 a.m.
  • Length: 17:45
Show
View Real Time Build Order
Export as new Build Order

littlebuddy Protoss - Winner!

Build Orders:  

Get SALT Encoding   

  12  0:00  Probe  
  13  0:13  Probe  
  14  0:21  Pylon  
  14  0:25  Probe  
  15  0:39  Probe  
  15  0:40  Gateway  
  16  0:52  Probe (Chrono Boost)  
  17  0:59  Assimilator  
  17  1:04  Probe (Chrono Boost)  
  19  1:11  Probe (Chrono Boost)  
  19  1:18  Probe  
  20  1:30  Probe, Cybernetics Core  
  21  1:50  Gateway  
  21  1:54  Gateway  
  21  1:57  Forge  
  21  2:01  Assimilator  
  21  2:06  Stalker (Chrono Boost)  
  23  2:13  Warp Gate  
  23  2:30  Pylon  
  23  2:44  Gateway  
  23  2:47  Adept x3  
  29  3:03  Pylon  
  29  3:04  Probe  
  30  3:08  Shield Battery  
  30  3:09  Shield Battery  
  30  3:16  Probe  
  31  3:22  Stalker  
  31  3:24  Stalker  
  35  3:28  Probe  
  36  3:35  Adept  
  36  3:40  Probe  
  39  3:45  Pylon  
  39  4:03  Probe  
  39  4:07  Shield Battery  
  40  4:11  Stalker  
  40  4:12  Stalker  
  40  4:13  Stalker  
  40  4:15  Probe  
  47  4:25  Protoss Ground Weapons Level 1  
  47  4:30  Pylon  
  47  4:40  Photon Cannon  
  46  4:46  Photon Cannon  
  46  5:09  Nexus  
  46  5:21  Probe  
  47  5:33  Probe  
  48  5:59  Probe  
  48  6:03  Pylon  
  49  6:08  Zealot x2, Stalker  
  55  6:21  Pylon, Probe  
  55  6:22  Pylon  
  55  6:24  Probe  
  57  6:31  Twilight Council  
  57  6:33  Probe  
  57  6:36  Probe  
  59  6:43  Shield Battery  
  59  6:45  Probe  
  60  6:50  Probe  
  61  6:57  Probe, Nexus  
  61  7:01  Stalker  
  64  7:08  Assimilator  
  64  7:10  Sentry, Assimilator  
  66  7:24  Pylon  
  66  7:27  Stalker x3  
  72  7:34  Blink  
  72  7:37  Probe x2  
  72  7:41  Protoss Ground Weapons Level 2 (Chrono Boost)  
  74  7:49  Probe  
  75  7:55  Probe  
  76  8:01  Probe  
  77  8:07  Probe  
  77  8:08  Stalker x2  
  77  8:10  Stalker  
  84  8:13  Probe  
  84  8:15  Stalker  
  84  8:19  Probe  
  88  8:35  Probe x2  
  88  8:36  Probe  
  88  8:37  Forge  
  88  8:40  Templar Archives  
  91  8:41  Shield Battery  
  91  8:43  Shield Battery  
  91  8:47  Probe  
  92  8:57  Protoss Ground Armor Level 1 (Chrono Boost)  
  92  9:11  Robotics Facility  
  92  9:14  Gateway  
  92  9:16  Gateway  
  92  9:18  Probe x3, Gateway  
  92  9:22  Assimilator  
  95  9:24  Assimilator  
  95  9:26  Stalker  
  95  9:27  Stalker x2  
  95  9:30  Probe  
  102  9:31  Stalker  
  104  9:46  Probe x3  
  104  9:48  Shield Battery  
  107  9:58  Probe x3  
  110  10:07  Protoss Ground Weapons Level 3  
  110  10:08  Pylon, Observer (Chrono Boost)  
  111  10:14  Nexus  
  111  10:15  Pylon  
  111  10:18  Psionic Storm  
  111  10:20  High Templar x2  
  111  10:21  High Templar  
  117  10:35  Stalker x3  
  121  10:36  Stalker  
  129  10:50  Immortal  
  103  11:29  Stalker x4  
  103  11:30  Stalker x3  
  117  11:48  Probe x4  
  121  11:57  Zealot  
  121  11:58  Zealot x4  
  121  11:59  Zealot x2  
  121  12:00  Probe x2  
  137  12:14  Probe x3  
  140  12:34  Charge  
  103  13:29  Gateway, Nexus  
  103  13:30  Gateway  
  103  13:32  Gateway  
  103  13:34  Protoss Shields Level 1 (Chrono Boost), Gateway, Protoss Ground Armor Level 2 (Chrono Boost)  
  103  13:38  Gateway  
  103  13:43  High Templar x4  
  103  13:45  Zealot x3  
  117  13:48  Archon  
  117  13:49  Archon, Gateway x2  
  117  13:53  Gateway  
  117  13:55  Gateway  
  117  14:01  Gateway  
  117  14:04  Gateway  
  117  14:11  Probe  
  117  14:12  Probe x3  
  117  14:13  Gateway  
  121  14:17  Assimilator  
  121  14:18  Assimilator  
  121  14:26  Gateway  
  121  14:28  Gateway  
  121  14:31  Zealot x2  
  121  14:32  Pylon, Zealot x3  
  121  14:33  Zealot x3  
  121  14:34  Pylon, Zealot  
  121  14:36  Pylon  
  139  14:45  Pylon  
  139  14:48  Pylon  
  139  14:50  Pylon  
  139  14:54  Assimilator  
  139  14:58  Assimilator  
  139  15:16  High Templar x6  
  139  15:17  High Templar x5  
  139  15:18  High Templar x2  
  139  15:20  Zealot x3  
  139  15:21  Zealot x2  
  173  15:22  Zealot  
  173  15:23  Archon x4  
  173  15:24  Archon x2  
  165  15:40  Stalker x2  
  165  15:41  Stalker x4  
  165  15:42  Stalker x2  
  169  15:58  Stalker x2  
  169  15:59  Stalker x3  
  169  16:00  Stalker x4  
  169  16:01  Stalker x2  
  169  16:02  Stalker x2  
  169  16:03  Stalker  
  197  16:26  Pylon  
  197  16:28  Shield Battery  
  197  16:31  Shield Battery  
  117  17:16  Stalker x2  
  117  17:17  Stalker x6  
  117  17:18  Stalker x4  
  117  17:19  Stalker x3  
  117  17:20  Zealot x4  
  117  17:21  Zealot x2  
Show
View Real Time Build Order
Export as new Build Order

xSaintApocx Terran 

Build Orders:  

Get SALT Encoding   

  12  0:01  SCV  
  13  0:13  SCV  
  14  0:21  Supply Depot  
  14  0:25  SCV  
  15  0:34  Supply Depot  
  16  0:48  Barracks  
  15  0:55  SCV  
  16  1:07  SCV  
  17  1:18  Barracks  
  17  1:20  SCV, Barracks  
  18  1:32  SCV  
  19  1:33  Engineering Bay  
  19  1:41  Marine  
  20  2:10  Refinery  
  20  2:11  Refinery, SCV  
  21  2:20  Command Center  
  21  2:22  Marine x2  
  22  2:25  Marine  
  24  2:34  Supply Depot  
  24  2:42  SCV  
  25  2:54  SCV  
  26  3:00  Factory  
  26  3:05  Barracks Tech Lab  
  26  3:06  SCV  
  26  3:07  Barracks Tech Lab  
  27  3:16  Barracks Reactor  
  27  3:37  Terran Infantry Armor Level 1  
  27  3:44  Engineering Bay  
  27  3:49  Missile Turret  
  27  3:53  Missile Turret  
  27  4:11  Marauder x2, Marine x2  
  33  4:29  Marine x2  
  35  4:32  Planetary Fortress, Marauder x2  
  39  4:41  Supply Depot  
  39  4:58  Orbital Command  
  39  5:02  Terran Infantry Weapons Level 1  
  39  5:07  Factory Tech Lab  
  39  5:10  SCV  
  40  5:21  Starport  
  40  5:22  SCV  
  41  5:29  Supply Depot  
  41  5:34  Siege Tank, SCV  
  45  5:52  Refinery  
  45  5:53  Refinery  
  45  6:00  Missile Turret  
  45  6:05  SCV  
  46  6:16  Missile Turret  
  46  6:17  SCV  
  47  6:32  Starport Tech Lab  
  47  6:39  Fusion Core  
  47  6:49  Sensor Tower  
  47  6:54  SCV, Sensor Tower  
  48  7:06  Armory, SCV  
  49  7:09  Armory  
  49  7:18  SCV  
  50  7:30  SCV  
  51  7:42  SCV  
  52  7:46  Marine x2, Marauder x2  
  58  7:54  SCV  
  59  8:04  Marine x2  
  61  8:07  SCV  
  61  8:08  Marauder x2  
  66  8:21  Terran Infantry Armor Level 2  
  66  8:23  Terran Infantry Weapons Level 2  
  66  8:33  SCV  
  67  8:46  SCV  
  68  8:58  SCV  
  69  9:21  Terran Ship Weapons Level 1, Terran Vehicle And Ship Armor Level 1  
  69  9:36  Supply Depot  
  69  9:37  Supply Depot  
  69  9:39  Supply Depot x2  
  69  9:40  Supply Depot  
  69  9:42  Supply Depot  
  69  9:50  Starport  
  69  9:51  Starport  
  69  9:55  Command Center  
  69  9:58  Medivac x2  
  73  10:18  Siege Tank  
  76  10:28  Medivac x2  
  80  10:51  Barracks Reactor  
  80  10:52  Starport  
  80  10:58  Medivac  
  72  11:33  Starport Tech Lab  
  72  12:06  Starport Tech Lab  
  72  12:09  Refinery x2  
  72  12:11  Missile Turret  
  72  12:13  Missile Turret  
  72  12:23  Terran Vehicle And Ship Armor Level 2, Terran Ship Weapons Level 2  
  60  13:17  Battlecruiser  
  60  13:18  Battlecruiser x3  
  84  13:40  Planetary Fortress  
  84  13:42  Refinery x2  
  84  13:44  Missile Turret  
  84  13:46  Missile Turret  
  84  14:21  SCV  
  84  14:22  Battlecruiser x3  
  103  14:29  Battlecruiser  
  109  14:33  SCV  
  110  14:39  Terran Vehicle And Ship Armor Level 3  
  110  14:45  Terran Ship Weapons Level 3, SCV  
  111  14:58  Weapon Refit, SCV  
  112  15:10  SCV  
  112  15:13  Sensor Tower  
  113  15:19  Sensor Tower  
  113  15:22  SCV  
  114  15:34  SCV  
  105  15:42  Battlecruiser  
  110  15:43  Battlecruiser  
  116  16:14  Battlecruiser  
  122  16:25  Supply Depot  
  122  16:26  Supply Depot x2  
  122  16:31  Supply Depot  
  122  16:32  Supply Depot  
  118  16:35  Supply Depot  
  118  16:39  Supply Depot  
Tags
 
Matchup
PvT
Spawn Locations
Cross Positions
Add a new tag
Caveats
  • Supply blocks, unpowered buildings, or Contaminate may cause inaccurate times.
  • Supply counts are checked every 10 seconds.